 Dungeon Sprint DCSS version 0.30-a0-800-g7c544603b3 (webtiles) character file.

Game seed: 9016431521758092897

3200000 BigDaddyOpFi the Acrobat (level 18, -57/155 HPs)
             Began as a Djinni Necromancer on Feb 22, 2023.
             Was a High Priest of Makhleb.
             Annihilated by a large bag of meat
             ... wielding a +9 giant spiked club
              (93 damage)
             ... in the Dungeon (Sprint VIII: "Arena of Blood").
             The game lasted 00:01:08 (32 turns).

BigDaddyOpFi the Acrobat (Djinni Necromancer)         Turns: 32, Time: 00:01:08

Health: -57/155    AC:  4    Str:  7    XL:     18   Next: 64%
Gold:   0          EV: 30    Int: 19    God:    Makhleb [*****.] SH:  0 Dex: 20

rFire   + + .      SeeInvis .    g - +∞ Axe of Woe
rCold   x . .      Faith    .    (shield currently unavailable)
rNeg    . . .      Spirit   .    a - +0 robe
rPois   ∞          Reflect  .    (no helmet)
rElec   .          Harm     .    (no cloak)
rCorr   .          Rampage  .    (no gloves)
Will    +....      NoTele   +    (boots unavailable)
Stlth   ++++++++                 (no amulet)
HPRegen 0.45/turn                (no ring)
MPRegen 0.00/turn                (no ring)

@: animating dead, flying
A: sickness immunity, fire resistance 2, cold vulnerability 1, float, innate
caster, HP casting, extra vitality 1
a: Renounce Religion, Minor Destruction, Lesser Servant of Makhleb, Major
Destruction, Greater Servant of Makhleb


You were in the Dungeon.
You worshipped Makhleb.
Makhleb was extremely pleased with you.
You visited 1 branch

Inventory:

Hand Weapons
 g - the +∞ Axe of Woe (weapon)
   (You found it in the Dungeon)
Armour
 a - a +0 robe (worn)
Scrolls
 f - a scroll of blinking
Potions
 b - a potion of curing
 c - a potion of heal wounds
 d - a potion of haste
 e - a potion of berserk rage


   Skills:
 + Level 22.2 Fighting
 + Level 19.0 Axes
 + Level 22.2 Armour
 + Level 24.0 Dodging
 + Level 20.6 Stealth
 + Level 17.8 Spellcasting
 + Level 22.1 Invocations


You knew the following spells:

 Your Spells              Type           Power      Damage    Failure   Level
a - Necrotise             Necr           100%       1d9       0%          1
b - Vampiric Draining     Necr           71%        2d11      0%          3
c - Animate Dead          Necr           71%        N/A       1%          4
d - Agony                 Necr           71%        N/A       1%          5
e - Magic Dart            Conj           100%       1d8       0%          1
f - Static Discharge      Conj/Air       100%       2-7/arc   0%          2
g - Passwall              Tmut/Erth      59%        N/A       0%          2
h - Passage of Golubria   Tloc           71%        N/A       1%          4
i - Leda's Liquefaction   Hex/Erth       35%        N/A       1%          4
j - Freezing Cloud        Conj/Ice/Air   35%        6-21      1%          5
k - Statue Form           Tmut/Erth      47%        N/A       1%          6
l - Summon Cactus Giant   Summ           35%        N/A       1%          6
Your spell library was empty.

Dungeon Overview and Level Annotations

Branches:
Dungeon (1/1)

Altars:
Makhleb


Innate Abilities, Weirdness & Mutations

You are immune to sickness and miasma.
You are immune to poison.
Your flesh is very heat resistant. (rF++)
You are vulnerable to cold. (rC-)
You float through the air rather than walking.
You learn spells naturally, not from books.
Your magical power is your life essence.
You have superior vitality. (+4 MHP)


Message History

Your Axes skill increases to level 19!
Your Armour skill increases to level 22!
Your Dodging skill increases to level 24!
Your Stealth skill increases to level 20!
Your Invocations skill increases to level 22!
Unknown command.
You are engulfed in blazing flames.
You resist.
You hear a shout! x4
The bag of meat hits your bag of meat zombie with a +9 war axe!
The bag of meat hits your bag of meat zombie with a +9 war axe!!
You hear a shout!
Your bag of meat zombie hits the bag of meat.
The large bag of meat is engulfed in blazing flames.
The large bag of meat hits your meat berserker zombie with a +9 giant spiked club!!!
Your meat berserker zombie is destroyed!
The bag of meat hits your bag of meat zombie with a +9 war axe!!!
The bag of meat hits your bag of meat zombie with a +9 war axe!! x2
Your bag of meat zombie completely misses the bag of meat.
You hear a shout! x4
Unknown command.
You are engulfed in blazing flames.
You resist.
You hear a shout!
The meat berserker rages.
You hear a shout!
The bag of meat hits your bag of meat zombie with a +9 war axe!
The bag of meat barely misses your bag of meat zombie.
You hear a shout!
Your bag of meat zombie hits the bag of meat.
You hear a shout!
The bag of meat is engulfed in blazing flames.
You hear a shout!
A meat berserker comes into view. It is wielding a +9 battleaxe.
Your bag of meat zombie hits the bag of meat.
The large bag of meat is engulfed in blazing flames.
The large bag of meat hits you with a +9 giant spiked club!!!!
Ouch! That really hurt!
* * * LOW HITPOINT WARNING * * *
The large bag of meat hits you with a +9 giant spiked club!!!!
Ouch! That really hurt!
You die...

.. .O ... .....
#.. ...# . #..
...# . ..###..
...###..
.....o###......
.....ZZ_.......
#)o@O§# #_Zo°_#
#..§§§#
......_......
.....O###......
..###.O
...###.. . #..
...# . #.. ...#
... .....


You could see 2 large bags of meat, 2 meat berserkers, 3 bags of meat and 3
friendly bag of meat zombies.

Vanquished Creatures
  2 vampire knights (D)
  4 ogres (D)
  2 two-headed ogres (D)
  8 orcs (D)
16 creatures vanquished.

Vanquished Creatures (others)
  An ogre zombie (D)
  An orc zombie (D)
2 creatures vanquished.

Grand Total: 18 creatures vanquished

Notes
Turn   | Place    | Note
-------+----------+-------------------------------------------
     0 | D        | Found the +∞ Axe of Woe
     0 | D        | BigDaddyOpFi the Djinni Necromancer began the quest for the
                  | Orb.
     0 | D        | BigDaddyOpFi set off with the following spells memorised:
                  | Necrotise, Vampiric Draining, Animate Dead, Agony.
     0 | D        | Reached XP level 1. HP: 15/15 MP: 0/0
     3 | D        | Noticed a bag of meat
     3 | D        | Noticed a bag of meat
     4 | D        | Became a worshipper of Makhleb the Destroyer
     6 | D        | Noticed a bag of meat
     7 | D        | Noticed a bag of meat
    10 | D        | Killed a bag of meat
    10 | D        | Noticed a meat berserker
    11 | D        | Reached skill level 10 in Fighting
    11 | D        | Reached skill level 10 in Armour
    11 | D        | Reached skill level 11 in Dodging
    11 | D        | Reached skill level 10 in Invocations
    11 | D        | Reached XP level 2. HP: 35/35 MP: 0/0
    11 | D        | Reached XP level 3. HP: 40/40 MP: 0/0
    11 | D        | Learned a level 1 spell: Magic Dart
    11 | D        | Reached XP level 4. HP: 46/46 MP: 0/0
    11 | D        | Reached XP level 5. HP: 51/51 MP: 0/0
    11 | D        | Learned a level 2 spell: Static Discharge
    11 | D        | Reached XP level 6. HP: 58/58 MP: 0/0
    11 | D        | Reached XP level 7. HP: 63/63 MP: 0/0
    11 | D        | Learned a level 2 spell: Passwall
    11 | D        | Reached XP level 8. HP: 68/68 MP: 0/0
    11 | D        | Reached XP level 9. HP: 74/74 MP: 0/0
    11 | D        | Learned a level 4 spell: Passage of Golubria
    11 | D        | Reached XP level 10. HP: 80/80 MP: 0/0
    11 | D        | Reached XP level 11. HP: 85/85 MP: 0/0
    11 | D        | Learned a level 4 spell: Leda's Liquefaction
    11 | D        | Killed a bag of meat
    11 | D        | Reached * piety under Makhleb
    12 | D        | Reached skill level 12 in Dodging
    12 | D        | Reached skill level 10 in Stealth
    12 | D        | Reached XP level 12. HP: 94/94 MP: 0/0
    12 | D        | Noticed a meat berserker
    12 | D        | Killed a meat berserker
    12 | D        | Killed a bag of meat
    13 | D        | Reached skill level 15 in Dodging
    13 | D        | Reached XP level 13. HP: 105/105 MP: 0/0
    13 | D        | Learned a level 5 spell: Freezing Cloud
    13 | D        | Reached XP level 14. HP: 112/112 MP: 0/0
    13 | D        | Killed a bag of meat
    13 | D        | Reached ** piety under Makhleb
    13 | D        | Noticed a meat berserker
    14 | D        | Reached skill level 16 in Dodging
    16 | D        | Killed a meat berserker
    16 | D        | Killed a meat berserker
    17 | D        | Reached skill level 18 in Dodging
    17 | D        | Reached skill level 15 in Stealth
    17 | D        | Reached XP level 15. HP: 86/123 MP: 0/0
    17 | D        | Learned a level 6 spell: Statue Form
    18 | D        | Noticed a large bag of meat
    19 | D        | Killed a large bag of meat
    19 | D        | Reached *** piety under Makhleb
    20 | D        | Reached skill level 15 in Axes
    20 | D        | Reached skill level 19 in Dodging
    20 | D        | Reached XP level 16. HP: 67/132 MP: 0/0
    20 | D        | Noticed a destroyer
    20 | D        | Noticed a meat berserker
    22 | D        | Noticed a destroyer
    23 | D        | Killed a destroyer
    23 | D        | Noticed a large bag of meat
    24 | D        | Reached skill level 20 in Dodging
    24 | D        | Reached skill level 15 in Spellcasting
    24 | D        | Noticed a large bag of meat
    25 | D        | Noticed a large bag of meat
    26 | D        | Reached **** piety under Makhleb
    27 | D        | Reached skill level 21 in Dodging
    27 | D        | Reached XP level 17. HP: 141/141 MP: 0/0
    27 | D        | Learned a level 6 spell: Summon Cactus Giant
    27 | D        | Killed a destroyer
    28 | D        | Reached skill level 22 in Dodging
    28 | D        | Killed a meat berserker
    29 | D        | Reached skill level 23 in Dodging
    29 | D        | Reached XP level 18. HP: 153/153 MP: 0/0
    30 | D        | Noticed a sculptor of flesh
    30 | D        | Killed a large bag of meat
    30 | D        | Reached ***** piety under Makhleb
    30 | D        | Noticed a meat berserker
    31 | D        | Reached skill level 24 in Dodging
    32 | D        | Noticed a meat berserker
    32 | D        | Annihilated by a large bag of meat

Illustrated notes

Levels and vault maps discovered:
D:        meatsprint

Skill      XL: |  1  2  3  4  5  6  7  8  9 10 11 12 13 14 15 16 17 18 |
---------------+-------------------------------------------------------+-----
Fighting       | 10 11 14 16 17 19 21 22 | 22.2
Axes           | 8 9 12 14 15 16 18 19 | 19.0
Armour         | 10 11 14 16 17 19 21 22 | 22.2
Dodging        | 11 12 15 18 19 21 23 24 | 24.0
Stealth        | 9 10 13 15 16 18 19 20 | 20.6
Spellcasting   | 8 9 11 13 14 15 17 | 17.8
Invocations    | 10 11 14 16 17 19 21 22 | 22.1

Action                     |  1- 3 |  4- 6 |  7- 9 | 10-12 | 13-15 | 16-18 || total
---------------------------+-------+-------+-------+-------+-------+-------++-------
  Melee: Executioner's axe |     1 |       |       |     2 |     3 |     5 ||    11
   Cast: Animate Dead      |       |       |       |       |     1 |       ||     1
  Dodge: Dodged            |     1 |       |       |       |       |       ||     1

Table legend: (Time is in decaauts)
 A = Elapsed time spent in this place.
 B = Non-inter-level travel time spent in this place.
 C = Inter-level travel time spent in this place.
 D = Time resting spent in this place.
 E = Time spent auto-exploring this place.
 F = Levels seen in this place.
 G = Mean time per level.
                   A        B        C        D        E       F      G
               +--------+--------+--------+--------+--------+-----+--------+
         Total |     34 |     34 |      0 |      0 |      0 |   1 |   34.0 |
       Dungeon |     34 |     34 |      0 |      0 |      0 |   1 |   34.0 |
               +--------+--------+--------+--------+--------+-----+--------+

Top non-repeatable levels by time:
       D: 34 daAuts
